 Dungeon Crawl Stone Soup version 0.29.1-1-gd02db6906a (webtiles) character file.

Game seed: 9886600538549456940

546 safid the Skirmisher (level 7, -4/57 HPs)
             Began as a Minotaur Hunter on Oct 3, 2022.
             Slain by an ice beast (6 damage)
             ... on level 5 of the Dungeon.
             The game lasted 00:04:36 (4482 turns).

safid the Skirmisher (Minotaur Hunter)              Turns: 4482, Time: 00:04:37

Health: -4/57      AC:  3    Str: 15    XL:     7   Next: 6%
Magic:  6/6        EV: 12    Int:  6    God:
Gold:   309        SH:  0    Dex: 16    Spells: 6/6 levels left

rFire   . . .      SeeInvis .   a - +0 shortbow
rCold   . . .      Faith    .   (shield currently unavailable)
rNeg    . . .      Spirit   .   c - +0 leather armour
rPois   .          Reflect  .   (helmet restricted)
rElec   .          Harm     .   (no cloak)
rCorr   .          Rampage  .   (no gloves)
Will    .....                   (no boots)
Stlth   +.........              (no amulet)
HPRegen 0.19/turn               (no ring)
MPRegen 0.10/turn               (no ring)

@: no status effects
A: horns 2, retaliatory headbutt
a: no special abilities


You were on level 5 of the Dungeon.
You visited 1 branch of the dungeon, and saw 5 of its levels.

You collected 309 gold pieces.

Inventory:

Hand Weapons
 a - a +0 shortbow (weapon)
Armour
 c - a +0 leather armour (worn)
Jewellery
 w - a +6 ring of intelligence
Scrolls
 b - a scroll of immolation
 e - 4 scrolls of teleportation {unknown}
 l - a scroll of torment {unknown}
 o - a scroll of enchant armour {unknown}
 p - a scroll of magic mapping {unknown}
 t - 2 scrolls of poison {unknown}
 u - a scroll of vulnerability {unknown}
 v - a scroll of fear {unknown}
 x - 2 scrolls of identify {unknown}
 y - a scroll of enchant weapon {unknown}
Potions
 d - a potion of berserk rage {unknown}
 f - 2 potions of mutation {unknown}
 g - a potion of invisibility {unknown}
 h - 2 potions of haste {unknown}
 i - a potion of magic {unknown}
 j - a potion of ambrosia {unknown}
 k - 3 potions of curing {unknown}
 m - a potion of lignification {unknown}
 n - 4 potions of brilliance {unknown}
 q - 2 potions of degeneration {unknown}
 r - 2 potions of heal wounds {unknown}
 s - 2 potions of resistance {unknown}


   Skills:
 - Level 3.0 Fighting
 + Level 9.2 Ranged Weapons
 - Level 2.1 Dodging
 - Level 0.7 Stealth


You had 6 spell levels left.
You didn't know any spells.
Your spell library contained the following spells:

 Spells                   Type           Power      Damage    Failure   Level
 Slow                     Hex            0%         N/A       52%         1
 Summon Small Mammal      Summ           0%         N/A       52%         1
 Call Canine Familiar     Summ           0%         N/A       88%         3
 Confusing Touch          Hex            0%         N/A       88%         3
 Gell's Gravitas          Tloc           0%         N/A       88%         3
 Inner Flame              Hex/Fire       0%         N/A       88%         3
 Lesser Beckoning         Tloc           0%         N/A       88%         3
 Summon Guardian Golem    Hex/Summ       0%         N/A       88%         3
 Teleport Other           Tloc           0%         N/A       88%         3
 Vampiric Draining        Necr           0%         2d6       88%         3
 Cause Fear               Hex            0%         N/A       99%         4
 Leda's Liquefaction      Hex/Erth       0%         N/A       99%         4
 Summon Lightning Spire   Summ/Air       0%         N/A       99%         4
 Alistair's Intoxication  Tmut/Pois      0%         N/A       100%        5
 Borgnjor's Vile Clutch   Necr/Erth      0%         N/A       100%        5
 Lee's Rapid Deconstruct  Erth           0%         3d5*      100%        5
 Eringya's Noxious Bog    Tmut/Pois      0%         N/A       100%        6
 Statue Form              Tmut/Erth      0%         N/A       100%        6
 Storm Form               Tmut/Air       0%         N/A       100%        7
 Discord                  Hex            0%         N/A       100%        8
 Maxwell's Capacitive Co  Air            0%         ∞         100%        8


Dungeon Overview and Level Annotations

Branches:
Dungeon (5/15)
 Temple: D:4-7

Altars:
Cheibriados
Kikubaaqudgha
Yredelemnul

Shops:
D:1 [


Innate Abilities, Weirdness & Mutations

You have a pair of horns on your head.
You reflexively headbutt those who attack you in melee.


Message History

The ice beast is moderately wounded.
You shoot an arrow. The arrow hits the ice beast.
The ice beast is heavily wounded.
The ice beast hits you. The ice beast freezes you!
You shoot an arrow. The arrow barely misses the ice beast.
The ice beast hits you but does no damage.
You shoot an arrow. The arrow closely misses the ice beast.
The ice beast hits you but does no damage.
You shoot an arrow. The arrow hits the ice beast.
The ice beast is heavily wounded.
The ice beast hits you. The ice beast freezes you!
You shoot an arrow. The arrow hits the ice beast.
The ice beast is severely wounded.
The ice beast barely misses you.
You shoot an arrow. The arrow hits the ice beast.
The ice beast is severely wounded.
The ice beast misses you.
You shoot an arrow. The arrow barely misses the ice beast.
The ice beast hits you. The ice beast freezes you! The ice beast hits you.
The ice beast freezes you!
* * * LOW HITPOINT WARNING * * *
You are too injured to fight recklessly!
You are too injured to fight recklessly!
You are too injured to fight recklessly!
Fire: a) +0 shortbow
Press: ? - help, Q - select action Shift-Dir - straight line, f/p - ice beast
Aim: an ice beast (severely wounded, 65% to hit)
You shoot an arrow. The arrow barely misses the ice beast.
The ice beast hits you.
* * * LOW HITPOINT WARNING * * *
The ice beast freezes you.
* * * LOW HITPOINT WARNING * * *
Fire: a) +0 shortbow
Press: ? - help, Q - select action Shift-Dir - straight line, f/p - ice beast
Aim: an ice beast (severely wounded, 65% to hit)
You shoot an arrow. The arrow barely misses the ice beast.
The ice beast hits you.
* * * LOW HITPOINT WARNING * * *
The ice beast freezes you.
You die...

.))..# #.#####.#.# #.#
#)#..###.)...#.#.# #.#
#<#....†###)##.#.###.#
####'##.# #....#.....#
....#.# ##########.#
#....#.. ..........#
#..).#### ######.#.#
#..... #.Y.#.# #..##.#
#@###.# #++ ## #.# ...
#.# #.# ... #.# #..
... ####


You could see an ice beast.

Vanquished Creatures
  A water moccasin (D:5)
  A centaur (D:5)
  A howler monkey (D:5)
  A jelly (D:4)
  2 hounds
  7 gnolls
  Robin (D:2)
  7 adders
  3 worms
  A dart slug (D:1)
  2 orcs
  8 endoplasms
  A giant cockroach (D:1)
  14 goblins
  14 hobgoblins
  3 jackals (D:1)
  7 kobolds
  3 quokkas
  8 ball pythons
  3 bats (D:1)
  3 frilled lizards
  4 rats
95 creatures vanquished.

Notes
Turn   | Place    | Note
-------+----------+-------------------------------------------
     0 | D:1      | safid the Minotaur Hunter began the quest for the Orb.
     0 | D:1      | Reached XP level 1. HP: 18/18 MP: 0/0
    87 | D:1      | Reached XP level 2. HP: 26/26 MP: 1/1
   361 | D:1      | Reached skill level 5 in Ranged Weapons
   452 | D:1      | Found Qepuwet's Antique Armour Boutique.
   486 | D:1      | Reached XP level 3. HP: 31/31 MP: 2/2
   825 | D:2      | Noticed Robin
  1067 | D:2      | Killed Robin
  1105 | D:2      | Reached XP level 4. HP: 29/38 MP: 3/3
  1107 | D:2      | Reached skill level 6 in Ranged Weapons
  1951 | D:3      | Found a snail-covered altar of Cheibriados.
  1985 | D:3      | Found an ancient bone altar of Kikubaaqudgha.
  2111 | D:3      | Found a basalt altar of Yredelemnul.
  2404 | D:4      | Reached XP level 5. HP: 25/45 MP: 4/4
  2696 | D:4      | Reached skill level 7 in Ranged Weapons
  3313 | D:5      | Entered Level 5 of the Dungeon
  3326 | D:5      | Noticed a centaur
  3334 | D:5      | Killed a centaur
  3335 | D:5      | Reached skill level 8 in Ranged Weapons
  3335 | D:5      | Reached XP level 6. HP: 9/51 MP: 5/5
  4420 | D:5      | Noticed a water moccasin
  4424 | D:5      | Killed a water moccasin
  4425 | D:5      | Reached skill level 9 in Ranged Weapons
  4425 | D:5      | Reached XP level 7. HP: 57/57 MP: 6/6
  4482 | D:5      | HP: 2/57 [ice beast (4)]
  4482 | D:5      | Slain by an ice beast

Illustrated notes

Levels and vault maps discovered:
D:1:      lemuel_arrival_room, layout_basic, serial_shops, shop_statue
D:2:      layout_basic, uniq_robin
D:3:      layout_rooms, mainiacjoe_overflow_boulevard,
          mainiacjoe_overflow_two_lobes
D:4:      layout_basic, mrwooster_statue_mirror
D:5:      layout_basic, kennysheep_generic_room_6

Skill      XL: |  1  2  3  4  5  6 |
---------------+-------------------+-----
Fighting       | 3 |  3.0
Ranged Weapons | 5 6 8 9 |  9.2
Dodging        | |  2.1
Stealth        | |  0.7

Action                   |  1- 3 |  4- 6 |  7- 9 || total
-------------------------+-------+-------+-------++-------
 Fire: Shortbow          |    95 |   191 |    14 ||   300
Armor: Leather armour    |     7 |    21 |     2 ||    30
Dodge: Dodged            |    19 |    73 |     2 ||    94
